 Dungeon Crawl Stone Soup version 0.31-a0-986-g5e6e4ef867 (webtiles) character file.

Game seed: 9142077077279019536

139 fleeber the Slasher (level 5, -4/38 HPs)
             Began as a Merfolk Gladiator on Nov 21, 2023.
             Slain by a gnoll
             ... wielding a +0 halberd
              (9 damage)
             ... on level 3 of the Dungeon.
             The game lasted 00:04:42 (1720 turns).

fleeber the Slasher (Merfolk Gladiator)             Turns: 1720, Time: 00:04:43

Health: -4/38      AC:  6    Str: 14    XL:     5   Next: 22%
Magic:  0/5        EV: 12    Int:  7    God:
Gold:   59         SH:  0    Dex: 18    Spells: 4/4 levels left

rFire   . . .        a - +0 long sword
rCold   . . .        (no shield)
rNeg    . . .        f - +0 ring mail
rPois   .            c - +0 helmet
rElec   .            (no cloak)
rCorr   .            (no gloves)
SInv    .            (no boots)
Will    .....        l - amulet of guardian spirit
Stlth   +            (no ring)
HPRegen 0.26/turn    (no ring)
MPRegen 0.09/turn

%: guardian spirit
@: no status effects
A: (nimble swimmer 2), mertail
a: no special abilities


You were on level 3 of the Dungeon.
You visited 1 branch of the dungeon, and saw 3 of its levels.

You collected 59 gold pieces.

Inventory:

Hand Weapons
 a - a +0 long sword (weapon)
Missiles
 d - 2 throwing nets
 e - a javelin
 h - 20 stones (quivered)
Armour
 c - a +0 helmet (worn)
 f - a +0 ring mail (worn)
Jewellery
 l - an amulet of guardian spirit (around neck)
Scrolls
 g - a scroll of brand weapon {unknown}
 i - 4 scrolls of teleportation {unknown}
 k - a scroll of poison {unknown}
 p - a scroll of enchant weapon {unknown}
Potions
 b - a potion of lignification {unknown}
 j - 3 potions of curing {unknown}
 m - a potion of ambrosia {unknown}
 n - a potion of might {unknown}
 o - a potion of heal wounds {unknown}


   Skills:
 - Level 2.1 Fighting
 + Level 6.9 Long Blades
 - Level 2.0 Throwing
 - Level 4.0 Dodging


You had 4 spell levels left.
You didn't know any spells.
Your spell library contained the following spells:

 Spells                   Type           Power      Damage    Failure   Level
 Freeze                   Ice            0%         1d3       67%         1
 Lesser Beckoning         Tloc           0%         N/A       82%         2
 Frozen Ramparts          Ice            0%         1d1       96%         3
 Gell's Gravitas          Tloc           0%         N/A       96%         3
 Hailstorm                Conj/Ice       0%         3d3       96%         3
 Mephitic Cloud           Conj/Pois/Air  0%         N/A       96%         3
 Teleport Other           Tloc           0%         N/A       96%         3
 Lehudib's Crystal Spear  Conj/Erth      0%         10d2      100%        8


Dungeon Overview and Level Annotations

Branches:
Dungeon (3/15)

Altars:


Innate Abilities, Weirdness & Mutations

((You are very nimble when in or above water. (Stealth+, EV+, Speed+++)))
Your lower body shifts to a powerful aquatic tail in water.


Message History

Things that are here:
a +0 flail; a gnoll corpse You hit the gnoll.
The gnoll is lightly wounded.
The gnoll hits you but does no damage.
You slash the gnoll!
The gnoll is severely wounded.
The gnoll hits you with a +0 spear.
The gnoll hits you from afar with a +0 halberd!
You hit the gnoll.
The gnoll is severely wounded.
The gnoll barely misses you. The gnoll closely misses you.
You slash the gnoll!
You kill the gnoll!
The gnoll barely misses you.
You barely miss the gnoll.
The gnoll hits you from afar with a +0 halberd!
The gnoll barely misses you.
You slash the gnoll!
The gnoll is severely wounded.
The gnoll hits you from afar with a +0 halberd!
* * * LOW HITPOINT WARNING * * *
The gnoll barely misses you.
You slash the gnoll!
You kill the gnoll!
The gnoll barely misses you. The gnoll barely misses you.
Things that are here:
a +0 flail; a +0 spear; a gnoll corpse You slash the gnoll!
The gnoll is severely wounded.
The gnoll barely misses you.
You closely miss the gnoll.
The gnoll is severely wounded.
The gnoll hits you with a +0 halberd!
* * * LOW HITPOINT WARNING * * *
You barely miss the gnoll.
The gnoll is severely wounded.
The gnoll hits you with a +0 halberd!
You die...

#.# g.g...
#..####...g..
#..#.[...# ######
#.(.# ......
##..######. ######
###......>.< ####
.#####....####### ...
.......g.## #.
.##.####@# # . #)# #
...####.######### #
................######
..#####..######......#
##..# ###...## ##...
###.### ## ##..##...#
##. #....######..


You could see a gnoll.

Vanquished Creatures
  Terence (D:3)
  6 gnolls
  An adder (D:2)
  A worm (D:2)
  2 dart slugs
  4 bats (D:1)
  5 endoplasms
  4 giant cockroaches
  A goblin (D:2)
  3 hobgoblins (D:1)
  2 quokkas
  2 ball pythons
  4 frilled lizards
  6 rats (D:1)
42 creatures vanquished.

Notes
Turn   | Place    | Note
-------+----------+-------------------------------------------
     0 | D:1      | fleeber the Merfolk Gladiator began the quest for the Orb.
     0 | D:1      | Reached XP level 1. HP: 16/16 MP: 1/1
   250 | D:1      | Reached skill level 4 in Long Blades
   280 | D:1      | Reached XP level 2. HP: 22/22 MP: 2/2
   452 | D:1      | Got the Writings on the Energetic Deep Freeze
   504 | D:1      | Reached XP level 3. HP: 21/27 MP: 3/3
   595 | D:1      | Reached skill level 5 in Long Blades
   979 | D:2      | Reached XP level 4. HP: 15/33 MP: 4/4
  1123 | D:2      | Found a faded altar of an unknown god.
  1173 | D:2      | Reached skill level 6 in Long Blades
  1621 | D:3      | Noticed Terence
  1630 | D:3      | Killed Terence
  1691 | D:3      | Reached XP level 5. HP: 38/38 MP: 5/5
  1720 | D:3      | Slain by a gnoll

Illustrated notes

Levels and vault maps discovered:
D:1:      minmay_arrival_open_corners, layout_loops_corners, minmay_pentomino_p4
D:2:      layout_basic, basic_ecumenical_altar
D:3:      layout_rooms, lemuel_coloured_pillars_altar, uniq_terence

Skill      XL: |  1  2  3  4 |
---------------+-------------+-----
Long Blades    | 4 5 6 |  6.9
Fighting       | |  2.1
Throwing       | |  2.0
Dodging        | |  4.0

Action                     |  1- 3 |  4- 6 || total
---------------------------+-------+-------++-------
  Melee: Long sword        |    59 |    64 ||   123
  Throw: Stone             |       |     1 ||     1
         Throwing net      |       |     1 ||     1
   Stab: Sleeping          |     1 |       ||     1
 Armour: Leather armour    |     3 |       ||     3
         Ring mail         |    29 |    36 ||    65
  Dodge: Dodged            |    38 |    30 ||    68

Table legend: (Time is in decaauts)
 A = Elapsed time spent in this place.
 B = Non-inter-level travel time spent in this place.
 C = Inter-level travel time spent in this place.
 D = Time resting spent in this place.
 E = Time spent auto-exploring this place.
 F = Levels seen in this place.
 G = Mean time per level.
                   A        B        C        D        E       F      G
               +--------+--------+--------+--------+--------+-----+--------+
         Total |   1735 |   1698 |     37 |     71 |   1288 |   3 |  578.3 |
       Dungeon |   1735 |   1698 |     37 |     71 |   1288 |   3 |  578.3 |
               +--------+--------+--------+--------+--------+-----+--------+

Top non-repeatable levels by time:
     D:1: 945 daAuts
     D:2: 560 daAuts
     D:3: 229 daAuts
